 Dungeon Crawl Stone Soup version 0.21.0-3-g78d12a8 (webtiles) character file.

1300 pstr the Magician (level 8, -5/37 HPs)
             Began as a Spriggan Earth Elementalist on Jan 13, 2018.
             Was an Initiate of Gozag.
             Slain by a hornet (9 damage)
             ... on level 9 of the Dungeon.
             The game lasted 00:19:10 (6617 turns).

pstr the Magician (Spriggan Earth Elementalist)     Turns: 6617, Time: 00:19:11

Health: -5/37      AC:  3    Str:  4    XL:     8   Next: 31%
Magic:  20/20      EV: 25    Int: 18    God:    Gozag
Gold:   530        SH:  0    Dex: 17    Spells: 17/22 levels left

rFire    . . .     SeeInvis +   w - staff of wizardry
rCold    . . .     Gourm    .   (shield currently unavailable)
rNeg     . . .     Faith    .   c - +0 robe
rPois    .         Spirit   .   (helmet restricted)
rElec    .         Reflect  .   s - +0 cloak
rCorr    .         Harm     .   (gloves unavailable)
MR       +....                  (boots unavailable)
Stlth    ++........             (no amulet)
HPRegen  0.12/turn              k - +5 ring of evasion
MPRegen  0.17/turn              (no ring)

@: starving, slowed, quick
A: very small, unfitting armour, see invisible, herbivore, speed 3, slow
metabolism 2
a: Potion Petition, Call Merchant, Bribe Branch, Renounce Religion


You were on level 9 of the Dungeon.
You worshipped Gozag.
Gozag was pleased with you.
You were starving.

You visited 1 branch of the dungeon, and saw 7 of its levels.

You collected 573 gold pieces.
You paid 43 gold pieces to Gozag.

Inventory:

Hand Weapons
 f - a +0 hand axe
 p - a +0 long sword
 r - a +3 quarterstaff of chaos
Missiles
 b - 90 stones (quivered)
Armour
 c - a +0 robe (worn)
 s - a +0 cloak (worn)
 y - a +0 animal skin
Magical Staves
 w - an uncursed staff of wizardry (weapon)
Jewellery
 k - a +5 ring of evasion (left hand)
Wands
 l - a wand of disintegration (14)
Scrolls
 a - 3 scrolls of teleportation
 d - 2 scrolls of amnesia {unknown}
 g - 7 scrolls of identify {unknown}
 h - a scroll of fog {unknown}
 j - a scroll of blinking {unknown}
 m - a scroll of noise {unknown}
 n - 3 scrolls of remove curse {unknown}
 t - a scroll of immolation {unknown}
 A - 2 scrolls of enchant armour {unknown}
Potions
 i - 2 potions of lignification
 o - a potion of agility
 q - a potion of invisibility {unknown}
 u - a potion of ambrosia {unknown}
 x - 3 potions of berserk rage
 z - 2 potions of heal wounds {unknown}
Books
 e - a book of Geomancy

   Spells                             Type                      Level
   a - Sandblast                      Earth                        1
   b - Passwall                       Transmutation/Earth          2
   c - Stone Arrow                    Conjuration/Earth            3
   d - Petrify                        Transmutation/Earth          4
   e - Lee's Rapid Deconstruction     Earth                        5
 v - a book of Cantrips

   Spells                             Type                      Level
   a - Confusing Touch                Hexes                        1
   b - Animate Skeleton               Necromancy                   1
   c - Summon Small Mammal            Summoning                    1
   d - Apportation                    Translocation                1


   Skills:
 + Level 1.4 Fighting
 + Level 0.2 Axes
 + Level 0.2 Staves
 + Level 5.0 Dodging
 + Level 3.1 Stealth
 + Level 7.6 Spellcasting
 + Level 2.2 Conjurations
   Level 1.3 Transmutations
 + Level 6.4 Earth Magic


You had 17 spell levels left.
You knew the following spells:

 Your Spells              Type           Power        Failure   Level  Hunger
a - Sandblast             Erth           ####..       1%          1    None
b - Stone Arrow           Conj/Erth      ###...       1%          3    #......
c - Animate Skeleton      Necr           N/A          4%          1    None


Dungeon Overview and Level Annotations

Branches:
Dungeon (9/15)               Lair (0/6) D:8
 Temple: D:4-7          Orc: D:9-12

Altars:
Dithmenos
Elyvilon
Gozag
Kikubaaqudgha
Makhleb
Nemelex Xobeh
Ru
Wu Jian
Zin
The Shining One

Shops:
D:5 (?!

Annotations:
D:8 Prince Ribbit


Innate Abilities, Weirdness & Mutations

You are very small and have problems with some larger weapons.
You are too small for most types of armour.
You have supernaturally acute eyesight. (SInv)
You are a herbivore.
You cover ground extremely quickly.
You need consume almost no food.


Message History

The orc misses you.
You climb downwards.
There is a stone staircase leading up here.
You hit the orc but do no damage. The orc wizard hits you with a dagger.
The orc misses you. The orc completely misses you.
The orc wizard completely misses you. The orc completely misses you.
Found 52 gold pieces.
A hornet comes into view.
The hornet buzzes angrily.
Found 13 gold pieces.
The hornet stings you!
* * * LOW HITPOINT WARNING * * *
You feel yourself slow down. The hornet misses you.
A crocodile comes into view.
An ice beast comes into view.
The ice beast moves out of view.
The hornet stings you!
You die...
Your body crumbles into a pile of gold.

.................
##################
......§§§§§§§$$$$#
##################
§§§§§§§..........#
##############8+8#
..t.............#
.......@y.....#
...######.o..## $
# ##o..####
....###..###
.......<##
.....#### .###


You could see a hornet, a crocodile (wandering) and an orc.

Vanquished Creatures
  Pikel (D:4)
  A wyvern (D:8)
  A slave (D:4)
  An ogre (D:4)
  A bullfrog (D:8)
  2 scorpions
  A crimson imp (D:8)
  A bullfrog zombie (D:5)
  A hound (D:2)
  Crazy Yiuf (D:3)
  Ijyb (D:3)
  Terence (D:3)
  3 orc wizards (D:4)
  2 worker ants (D:4)
  4 adders
  A shadow imp (D:4)
  2 adder skeletons
  3 worms
  2 dart slugs (D:1)
  4 leopard geckos
  10 orcs
  8 bats
  2 giant cockroaches
  6 goblins
  4 hobgoblins
  13 jackals
  A quokka (D:2)
  A ball python (D:3)
  4 frilled lizards
  9 kobolds
  A leopard gecko skeleton (D:4)
  8 rats
101 creatures vanquished.

Vanquished Creatures (others)
  A leopard gecko (D:4)
  2 plants (D:8)
3 creatures vanquished.

Grand Total: 104 creatures vanquished

Notes
Turn   | Place    | Note
-------+----------+-------------------------------------------
     0 | D:1      | pstr the Spriggan Earth Elementalist began the quest for the Orb.
     0 | D:1      | Reached XP level 1. HP: 9/9 MP: 5/5
   137 | D:1      | Reached skill level 3 in Spellcasting
   137 | D:1      | Reached XP level 2. HP: 9/13 MP: 0/7
   790 | D:1      | Reached XP level 3. HP: 16/16 MP: 5/8
   795 | D:1      | Learned a level 3 spell: Stone Arrow
  1453 | D:2      | Found a white marble altar of Elyvilon.
  1859 | D:2      | Reached XP level 4. HP: 12/21 MP: 0/10
  2038 | D:2      | Reached skill level 4 in Spellcasting
  2468 | D:2      | Found a sparkling altar of Nemelex Xobeh.
  2791 | D:3      | Noticed Terence
  2797 | D:3      | Killed Terence
  2797 | D:3      | Reached XP level 5. HP: 24/24 MP: 6/12
  2905 | D:3      | Found an opulent altar of Gozag.
  2911 | D:3      | Became a worshipper of Gozag Ym Sagoz the Greedy
  3063 | D:3      | Found an ancient bone altar of Kikubaaqudgha.
  3097 | D:3      | Found a burning altar of Makhleb.
  3239 | D:3      | Noticed Ijyb
  3259 | D:3      | Killed Ijyb
  3259 | D:3      | Reached skill level 1 in Fighting
  3458 | D:3      | Found an ornate altar of the Wu Jian Council.
  3658 | D:3      | Found a runed door.
  3729 | D:3      | Noticed Crazy Yiuf
  3732 | D:3      | Killed Crazy Yiuf
  4110 | D:4      | Found a shadowy altar of Dithmenos.
  4244 | D:4      | Reached XP level 6. HP: 23/30 MP: 3/14
  4293 | D:4      | Reached skill level 1 in Conjurations
  4413 | D:4      | Learned a level 1 spell: Animate Skeleton
  4433 | D:4      | Reached skill level 5 in Spellcasting
  4526 | D:4      | Noticed a slave
  4526 | D:4      | Noticed a slave
  4526 | D:4      | Noticed a slave
  4530 | D:4      | Noticed Pikel
  4547 | D:4      | Noticed a slave
  4589 | D:4      | HP: 1/30 [Pikel/whip of freezing (2)]
  5246 | D:4      | Reached skill level 5 in Earth Magic
  5270 | D:4      | Reached XP level 7. HP: 33/33 MP: 0/16
  5396 | D:4      | Found a shadowy altar of Dithmenos.
  5638 | D:4      | Killed Pikel
  5638 | D:4      | Reached skill level 7 in Spellcasting
  5966 | D:5      | Entered Level 5 of the Dungeon
  5966 | D:5      | Found Amiusefu's Distillery.
  6091 | D:5      | Found Giyrid's Weapon Shop.
  6117 | D:5      | Found a sacrificial altar of Ru.
  6123 | D:5      | Found a glowing silver altar of Zin.
  6123 | D:5      | Found a glowing golden altar of the Shining One.
  6137 | D:5      | Reached XP level 8. HP: 37/37 MP: 3/19
  6166 | D:5      | Found Teeryvak's Magic Scroll Shoppe.
  6202 | D:5      | You fall through a shaft for 3 floors!
  6248 | D:8      | Noticed Prince Ribbit
  6256 | D:8      | Found a staircase to the Lair.
  6256 | D:8      | Noticed a komodo dragon
  6467 | D:8      | Reached skill level 5 in Dodging
  6592 | D:8      | Noticed a troll
  6613 | D:9      | Noticed a hornet
  6617 | D:9      | Slain by a hornet

Skill      XL: |  1  2  3  4  5  6  7  8 |
---------------+-------------------------+-----
Earth Magic    | 3 4 5 6 |  6.4
Spellcasting   | 3 4 5 7 |  7.6
Fighting       | 1 |  1.4
Conjurations   | 1 2 |  2.2
Dodging        | 4 5 |  5.0
Axes           | |  0.2
Staves         | |  0.2
Stealth        | |  3.1
Transmutations | |  1.3

Action                   |  1- 3 |  4- 6 |  7- 9 || total
-------------------------+-------+-------+-------++-------
Melee: Unarmed           |     3 |       |       ||     3
       Hand axe          |    17 |    26 |       ||    43
       Quarterstaff      |       |    15 |       ||    15
       Staff             |       |       |    12 ||    12
 Cast: Sandblast         |    48 |    40 |    24 ||   112
       Stone Arrow       |    13 |    53 |    21 ||    87
  Use: Potion            |       |     6 |     1 ||     7
       Scroll            |       |     1 |       ||     1
  Eat: Ration            |       |     4 |       ||     4
Armor: Robe              |     2 |     8 |     3 ||    13
       Skin              |       |     5 |       ||     5
Dodge: Dodged            |    41 |    62 |    65 ||   168
